 Seeded DCSS version 0.30.1-11-g7821555f0a (webtiles) character file.

Game seed: 6351066067085065685 (custom seed)

6993 Esekla the Thaumaturge (level 10, -3/52 HPs)
             Began as a Deep Elf Wanderer on Oct 27, 2023.
             Was an Elder of Vehumet.
             Slain by a cyclops (20 damage)
             ... on level 9 of the Dungeon on Oct 28, 2023.
             The game lasted 01:28:29 (8145 turns).

Esekla the Thaumaturge (Deep Elf Wanderer)          Turns: 8145, Time: 01:28:30

Health: -3/52      AC:  6    Str: 11    XL:     10   Next: 81%
Magic:  26/38      EV: 14    Int: 23    God:    Vehumet [****..]
Gold:   643        SH:  4    Dex: 14    Spells: 14/35 levels left

rFire   . . .        s - +5 rapier of the Hero {heavy, rN+ Dex+3}
rCold   . . .        d - +0 buckler
rNeg    + . .        K - +0 robe
rPois   .            P - +1 helmet
rElec   .            E - +0 cloak
rCorr   .            k - +0 pair of gloves
SInv    .            (no boots)
Will    +....        w - amulet of magic regeneration
Stlth   +++          D - ring of magical power
HPRegen 0.28/turn    (no ring)
MPRegen 0.66/turn

%: no passive effects
@: studying Fighting
A: no striking features
a: Renounce Religion


You were on level 9 of the Dungeon.
You worshipped Vehumet.
Vehumet was greatly pleased with you.
You visited 1 branch of the dungeon, and saw 9 of its levels.
You also visited: Bailey.

You collected 643 gold pieces.

Inventory:

Hand Weapons
 a - a +2 vampiric dagger
 c - a +4 scimitar
 r - a +4 trident of venom
 s - the +5 rapier of the Hero (weapon) {heavy, rN+ Dex+3}
   (You found it on level 3 of the Dungeon)

   Dex:       It affects your dexterity (+3).
   rN:        It protects you from negative energy.
 J - a +4 great sword
 N - a +2 rapier of venom
Missiles
 l - 3 boomerangs
 z - 23 poisoned darts (quivered)
 L - 6 curare-tipped darts
Armour
 d - a +0 buckler (worn)
 k - a +0 pair of gloves (worn)
 E - a +0 cloak (worn)
 K - a +0 robe (worn)
 P - a +1 helmet (worn)
Magical Staves
 f - a staff of fire
Jewellery
 w - an amulet of magic regeneration (around neck)
 D - a ring of magical power (left hand)
Wands
 q - a wand of roots (17)
 B - a wand of flame (12)
 G - a wand of mindburst (9)
Scrolls
 g - 10 scrolls of identify {unknown}
 j - a scroll of silence {unknown}
 n - a scroll of enchant armour {unknown}
 o - 2 scrolls of amnesia {unknown}
 p - a scroll of immolation {unknown}
 u - 2 scrolls of fog {unknown}
 v - a scroll of magic mapping {unknown}
 x - 3 scrolls of enchant weapon {unknown}
 y - 3 scrolls of fear
 A - a scroll of summoning {unknown}
 C - 5 scrolls of blinking {unknown}
 F - 2 scrolls of poison {unknown}
 H - 2 scrolls of teleportation {unknown}
 M - 3 scrolls of noise {unknown}
 O - a scroll of torment {unknown}
 R - a scroll of acquirement
Potions
 b - 3 potions of lignification
 e - 3 potions of ambrosia {unknown}
 h - 2 potions of heal wounds {unknown}
 i - 5 potions of curing
 m - a potion of mutation {unknown}
 t - 3 potions of brilliance {unknown}
 I - 3 potions of haste
 S - 6 potions of attraction {unknown}


   Skills:
 * Level 1.5 Fighting
 + Level 3.6 Short Blades
 + Level 2.0 Throwing
 * Level 7.2 Dodging
 + Level 5.5 Stealth
 + Level 2.4 Shields
 * Level 13.1 Spellcasting
 * Level 3.4 Conjurations
 * Level 8.3 Necromancy
 + Level 4.6 Translocations
 + Level 3.4 Fire Magic
 * Level 2.6 Ice Magic
 * Level 2.1 Air Magic
 + Level 1.3 Poison Magic
 - Level 1.0 Invocations


You had 14 spell levels left.
You knew the following spells:

 Your Spells              Type           Power      Damage    Failure   Level
a - Magic Dart            Conj           100%       1d8       1%          1
b - Blink                 Tloc           72%        N/A       1%          2
d - Vampiric Draining     Necr           52%        2d9       1%          3
i - Iskenderun's Mystic   Conj/Tloc      33%        2d8       3%          4
n - Ignite Poison         Fire/Tmut/Pois 22%        N/A       2%          3
o - Scorch                Fire           60%        2d7       1%          2
p - Apportation           Tloc           72%        N/A       1%          1
z - Freezing Cloud        Conj/Ice/Air   13%        6-21      13%         5

Your spell library contained the following spells:

 Spells                   Type           Power      Damage    Failure   Level
 Lesser Beckoning         Tloc           72%        N/A       1%          2
 Gell's Gravitas          Tloc           36%        N/A       2%          3
 Teleport Other           Tloc           36%        N/A       2%          3
 Spider Form              Tmut/Pois      18%        N/A       13%         3
 Cause Fear               Hex            7%         N/A       50%         4
 Summon Mana Viper        Hex/Summ       15%        N/A       85%         5


Dungeon Overview and Level Annotations

Branches:
Dungeon (9/15)             Temple (0/1) D:6          Bailey (visited)
   Lair: D:8-11         Orc: D:9-12

Altars:
Dithmenos
Fedhas
Hepliaklqana
Nemelex Xobeh
Okawaru
Qazlal
Trog
Uskayaw
Vehumet
Zin
The Shining One

Shops:
D:2 =   D:4 (

Annotations:
D:7 Joseph
D:8 1 transporter


Message History

Casting: Apportation (safe; 1% risk of failure)
Confirm with . or Enter, or press ? or * to list all spells.
Flames lash the cyclops.
The cyclops is lightly wounded.
The cyclops's fire resistance burns away.
Casting: Scorch (safe; 1% risk of failure)
Confirm with . or Enter, or press ? or * to list all spells.
Flames lash the cyclops.
The cyclops is burned terribly!
The cyclops is moderately wounded.
The cyclops hits you!!
Ouch! That really hurt!
Casting: Scorch (safe; 1% risk of failure)
Confirm with . or Enter, or press ? or * to list all spells.
Aiming: Vampiric Draining (safe; 1% risk of failure)
Press: ? - help, Shift-Dir - straight line, f - cyclops
Aim: a cyclops, quivering large rocks (moderately wounded, more vulnerable to fire)
You draw life force from the cyclops!
You feel life coursing into your body. The cyclops hits you.
Casting: Vampiric Draining (safe; 1% risk of failure)
Confirm with . or Enter, or press ? or * to list all spells.
Aiming: Vampiric Draining (safe; 1% risk of failure)
Press: ? - help, Shift-Dir - straight line, f/p - cyclops
Aim: a cyclops, quivering large rocks (heavily wounded, more vulnerable to fire)
You draw life force from the cyclops!
You feel life coursing into your body.
Casting: Vampiric Draining (safe; 1% risk of failure)
Confirm with . or Enter, or press ? or * to list all spells.
Aiming: Vampiric Draining (safe; 1% risk of failure)
Press: ? - help, Shift-Dir - straight line, f/p - cyclops
Aim: a cyclops, quivering large rocks (heavily wounded, more vulnerable to fire)
You draw life force from the cyclops!
You feel life coursing into your body. The cyclops hits you!!
* * * LOW HITPOINT WARNING * * *
Casting: Vampiric Draining (safe; 1% risk of failure)
Confirm with . or Enter, or press ? or * to list all spells.
Aiming: Vampiric Draining (safe; 1% risk of failure)
Press: ? - help, Shift-Dir - straight line, f/p - cyclops
Aim: a cyclops, quivering large rocks (severely wounded, more vulnerable to fire)
You draw life force from the cyclops.
You feel life coursing into your body. The cyclops hits you!!
You die...

#...# #### ..#...#######...
#..#......#......
#..#......'......
#..#...>..#......
#..#......#......
#+##..#......#......
#..C..#......#......
#+##..@..######.#######
...............#........
...............#........
.......##'######......##
.......#..........#.#...
.......#.........##.##..
#################.....#.#..###...
.....................##.##..#...#
......................###[)###..)


You could see a cyclops (combustible).

Vanquished Creatures
  2 two-headed ogres
  Pikel (D:6)
  2 orc knights (Bailey)
  A kobold demonologist (D:9)
  2 steam dragons
  2 wyverns
  Menkaure (D:7)
  An ice beast (D:6)
  A sky beast (D:6)
  7 orc warriors (Bailey)
  2 black bears
  2 ogres
  A centaur (D:7)
  A phantom (D:7)
  Blork the orc (D:6)
  3 kobold brigands
  3 gnoll sergeants
  A bullfrog (D:7)
  2 scorpions (D:5)
  3 wights (D:7)
  5 killer bees (D:9)
  2 quasits
  2 gnoll boudas
  4 hounds
  A jelly (D:6)
  Crazy Yiuf (D:7)
  4 orc priests (D:8)
  5 iguanas
  A sleepcap (D:5)
  6 orc wizards
  27 gnolls
  9 adders
  3 shadow imps (D:8)
  6 white imps
  3 ufetubi
  A worm (D:4)
  3 dart slugs
  48 orcs
  4 endoplasms
  9 goblins
  7 hobgoblins
  A quokka (D:1)
  6 ball pythons
  4 bats
  4 frilled lizards
  13 kobolds
  A rat (D:2)
219 creatures vanquished.

Vanquished Creatures (others)
  An ufetubus (D:8)
1 creature vanquished.

Grand Total: 220 creatures vanquished

Notes
Turn   | Place    | Note
-------+----------+-------------------------------------------
     0 | D:1      | Esekla the Deep Elf Wanderer began the quest for the Orb.
     0 | D:1      | Esekla set off with the following items: a +0 club, a
                  | potion of lignification, a +0 robe, a +0 buckler; and the
                  | following spells available to memorise: Apportation, Blink,
                  | Lesser Beckoning, Magic Dart, Ignite Poison, Vampiric
                  | Draining.
     0 | D:1      | Reached XP level 1. HP: 10/10 MP: 7/7
     2 | D:1      | Learned a level 1 spell: Magic Dart
     4 | D:1      | Learned a level 1 spell: Apportation
   431 | D:4      | Found a radiant altar of Vehumet.
   439 | D:4      | Found an iron altar of Okawaru.
   452 | D:4      | Found a glowing silver altar of Zin.
   531 | D:4      | Became a worshipper of Vehumet
   721 | D:3      | Reached skill level 5 in Spellcasting
   721 | D:3      | Reached XP level 2. HP: 15/15 MP: 10/10
   724 | D:3      | Learned a level 2 spell: Blink
   987 | D:3      | Identified the +5 rapier of the Hero {heavy, rN+ Dex+3}
                  | (You found it on level 3 of the Dungeon)
  1005 | D:2      | Found Renulab's Jewellery Shop.
  1162 | D:1      | Reached XP level 3. HP: 19/19 MP: 8/11
  1288 | D:1      | Reached * piety under Vehumet
  1288 | D:1      | Offered knowledge of Foxfire by Vehumet.
  1308 | D:1      | Reached skill level 1 in Necromancy
  1654 | D:2      | Learned a level 3 spell: Vampiric Draining
  1695 | D:2      | Noticed a black bear
  1804 | D:2      | Reached skill level 1 in Dodging
  1921 | D:3      | Found a stormy altar of Qazlal.
  1936 | D:3      | Reached XP level 4. HP: 24/24 MP: 11/13
  1949 | D:3      | Reached skill level 1 in Short Blades
  1979 | D:3      | Found a bloodstained altar of Trog.
  1982 | D:3      | Found a hazy altar of Hepliaklqana.
  2201 | D:5      | Entered Level 5 of the Dungeon
  2204 | D:5      | Got the Parchment of the Lumpy Olives
  2236 | D:5      | Found a shadowy altar of Dithmenos.
  2373 | D:5      | Reached XP level 5. HP: 28/28 MP: 14/14
  2525 | D:5      | Reached XP level 6. HP: 31/32 MP: 12/16
  2620 | D:4      | Found Ponaysk's Antique Weapon Boutique.
  2822 | D:2      | Found a faded altar of an unknown god.
  2901 | D:2      | Reached skill level 6 in Spellcasting
  2901 | D:2      | Reached skill level 1 in Conjurations
  3043 | D:4      | You fall into a shaft and drop 2 floors!
  3088 | D:6      | Found a staircase to the Ecumenical Temple.
  3112 | D:6      | Noticed Pikel
  3213 | D:5      | Reached XP level 7. HP: 36/36 MP: 19/19
  3424 | D:5      | Reached skill level 1 in Throwing
  3424 | D:5      | Reached skill level 7 in Spellcasting
  3586 | D:4      | Found a glowing golden altar of the Shining One.
  3958 | D:5      | Offered knowledge of Freeze by Vehumet.
  4038 | D:5      | Reached ** piety under Vehumet
  4339 | D:7      | Found a runed translucent door.
  4340 | D:7      | Noticed Crazy Yiuf
  4349 | D:7      | Killed Crazy Yiuf
  4350 | D:7      | Reached skill level 8 in Spellcasting
  4393 | D:7      | Noticed a wyvern
  4395 | D:7      | Killed a wyvern
  4396 | D:7      | Reached XP level 8. HP: 41/41 MP: 22/22
  4455 | D:7      | Noticed Menkaure
  4460 | D:7      | Killed Menkaure
  4576 | D:7      | Reached skill level 5 in Necromancy
  4579 | D:7      | Reached skill level 5 in Dodging
  4579 | D:7      | Reached skill level 9 in Spellcasting
  4805 | D:6      | Killed Pikel
  4806 | D:6      | Reached skill level 10 in Spellcasting
  4806 | D:6      | Reached XP level 9. HP: 44/45 MP: 17/25
  4853 | D:6      | Offered knowledge of Scorch by Vehumet.
  4862 | D:6      | Learned a level 2 spell: Scorch
  5031 | D:6      | Noticed Blork the orc
  5146 | D:6      | Killed Blork the orc
  5278 | D:6      | Found a blossoming altar of Fedhas.
  5483 | D:7      | Learned a level 3 spell: Ignite Poison
  5509 | D:7      | Reached *** piety under Vehumet
  5669 | D:7      | Noticed Joseph
  5832 | D:7      | Reached skill level 11 in Spellcasting
  5852 | D:8      | Reached skill level 1 in Fire Magic
  6172 | D:8      | Noticed a two-headed ogre
  6251 | D:8      | Found a transporter.
  6252 | D:8      | Found a transporter.
  6253 | D:8      | Found a transporter.
  6328 | D:7      | Offered knowledge of Iskenderun's Mystic Blast by Vehumet.
  6337 | D:7      | Learned a level 4 spell: Iskenderun's Mystic Blast
  6467 | D:8      | Killed a two-headed ogre
  6468 | D:8      | Reached skill level 12 in Spellcasting
  6515 | D:8      | Found a hide-covered altar of Uskayaw.
  6531 | D:8      | Found a transporter.
  6541 | D:8      | Reached XP level 10. HP: 40/50 MP: 28/28
  6653 | D:8      | Reached **** piety under Vehumet
  7121 | D:9      | Found a flagged portal.
  7146 | Bailey   | Entered a bailey
  7270 | Bailey   | Offered knowledge of Freezing Cloud by Vehumet.
  7279 | Bailey   | Learned a level 5 spell: Freezing Cloud
  7284 | Bailey   | Identified the +2 bardiche of Puhoisos {heavy, rElec
                  | Stlth+}
  7288 | Bailey   | Noticed an orc knight
  7288 | Bailey   | Noticed an orc knight
  7343 | Bailey   | Killed an orc knight
  7344 | Bailey   | Reached skill level 5 in Stealth
  7345 | Bailey   | Killed an orc knight
  7346 | Bailey   | Reached skill level 1 in Ice Magic
  7346 | Bailey   | Reached skill level 1 in Air Magic
  7346 | Bailey   | Reached skill level 1 in Poison Magic
  7874 | D:9      | Noticed a rust devil
  7900 | D:9      | Found a sparkling altar of Nemelex Xobeh.
  7938 | D:9      | Noticed a two-headed ogre
  7944 | D:9      | Killed a two-headed ogre
  7945 | D:9      | Reached skill level 1 in Fighting
  7945 | D:9      | Reached skill level 13 in Spellcasting
  8135 | D:9      | Noticed a cyclops
  8145 | D:9      | Slain by a cyclops

Illustrated notes

Levels and vault maps discovered:
D:1:      sevenhm_arrival_forest_fort_small_3, layout_rooms,
          chequers_serial_rivers_room_b, minmay_misc_feat_five
D:2:      layout_loops_ring, dreamdust_ecumenical_altar_angels_and_demons,
          serial_shops, shop
D:3:      layout_basic, grunt_temple_overflow_open, minmay_misc_feat_iff
D:4:      layout_basic, nicolae_overflow_quartered_altars, serial_shops,
          nicolae_diamond_shop
D:5:      layout_loops_ring, lemuel_doored_altar, minmay_misc_feat_rows,
          dreamdust_wishing_well
D:6:      layout_loops_cross, fedhas_altar_fruit_tree,
          minmay_temple_entry_glass, uniq_pikel, uniq_blork_the_orc
D:7:      layout_basic, uniq_menkaure, uniq_joseph, uniq_crazy_yiuf_cottage
D:8:      layout_basic, nicolae_uskayaw_dance_hall, serial_demonic,
          serial_demonic_d, serial_demonic_a, serial_demonic_c,
          serial_demonic_c, nicolae_diode_quadrants
D:9:      layout_irregular_city, kennysheep_little_box, enter_bailey_4,
          minmay_between, uniq_harold

Skill      XL: |  1  2  3  4  5  6  7  8  9 10 |
---------------+-------------------------------+-----
Spellcasting   | 5 6 8 10 12 13 | 13.1
Necromancy     | 1 2 3 4 5 7 8 |  8.3
Dodging        | 1 2 3 4 5 6 7 |  7.2
Stealth        | 2 3 4 5 |  5.5
Short Blades   | 1 2 3 |  3.6
Translocations | 3 4 |  4.6
Conjurations   | 1 3 |  3.4
Throwing       | 1 2 |  2.0
Fire Magic     | 3 |  3.4
Shields        | 2 |  2.4
Ice Magic      | 2 |  2.6
Air Magic      | 2 |  2.1
Poison Magic   | 1 |  1.3
Fighting       | 1 |  1.5
Invocations    | |  1.0

Action                     |  1- 3 |  4- 6 |  7- 9 | 10-12 || total
---------------------------+-------+-------+-------+-------++-------
  Melee: Short sword       |    18 |       |       |       ||    18
         Rapier            |    29 |    41 |    84 |    41 ||   195
         Dagger            |       |       |   120 |       ||   120
  Throw: Dart              |       |    16 |    29 |    13 ||    58
   Cast: Magic Dart        |    57 |    28 |    72 |     4 ||   161
         Apportation       |    28 |    23 |    25 |    13 ||    89
         Vampiric Draining |       |     7 |    61 |    31 ||    99
         Blink             |       |     4 |     9 |     4 ||    17
         Scorch            |       |       |    56 |    10 ||    66
         Ignite Poison     |       |       |     2 |     4 ||     6
         Freezing Cloud    |       |       |       |     5 ||     5
         Iskenderun's Myst |       |       |       |     5 ||     5
  Evoke: Wand              |       |     1 |     3 |     4 ||     8
    Use: Scroll            |     1 |       |       |       ||     1
         Potion            |     1 |       |     3 |       ||     4
   Stab: Sleeping          |     3 |     5 |     8 |     8 ||    24
         Distracted        |       |       |     2 |       ||     2
 Armour: Robe              |    19 |    14 |    52 |    17 ||   102
  Dodge: Dodged            |    39 |    28 |   161 |    63 ||   291
  Block: Buckler           |    14 |     5 |    46 |    13 ||    78
